 Dungeon Crawl Stone Soup version 0.26-a0-812-g31a745ddcd (webtiles) character file.

Game seed: 13245085528044999480

82 kae the Shield-Bearer (level 4, 0/42 HPs)
             Began as a Deep Dwarf Fighter on Dec 3, 2020.
             Slain by Grinder (2 damage)
             ... while paralysed by Grinder
             ... on level 3 of the Dungeon.
             The game lasted 00:01:38 (1491 turns).

kae the Shield-Bearer (Deep Dwarf Fighter)          Turns: 1491, Time: 00:01:39

Health: 0/42       AC:  8    Str: 20    XL:     4   Next: 21%
Magic:  4/4        EV:  2    Int:  9    God:
Gold:   100        SH:  0    Dex: 12    Spells: 3/3 levels left

rFire    . . .     SeeInvis .   a - +0 war axe
rCold    . . .     Faith    .   c - +0 kite shield
rNeg     . . .     Spirit   .   b - +0 scale mail
rPois    .         Reflect  .   (no helmet)
rElec    .         Harm     .   o - +0 cloak
rCorr    .         Rampage  .   (no gloves)
MR       .....                  (no boots)
Stlth    ..........             (no amulet)
HPRegen  0.00/turn              (no ring)
MPRegen  0.09/turn              (no ring)

@: paralysed, mighty, non-regenerating
A: damage resistance, heal wounds, sense surroundings 1, no regeneration
a: Heal Wounds


You were on level 3 of the Dungeon.
You visited 1 branch of the dungeon, and saw 3 of its levels.

You collected 100 gold pieces.

Inventory:

Hand Weapons
 a - a +0 war axe (weapon)
Armour
 b - a +0 scale mail (worn)
 c - a +0 kite shield (worn)
 o - a +0 cloak (worn)
Scrolls
 e - a scroll of fear {unknown}
 h - 2 scrolls of teleportation {unknown}
 i - a scroll of noise {unknown}
 j - a scroll of amnesia {unknown}
 l - a scroll of enchant armour {unknown}
 n - a scroll of random uselessness {unknown}
Potions
 f - a potion of curing {unknown}
 g - a potion of resistance {unknown}
 k - a potion of haste {unknown}
 m - a potion of flight {unknown}


   Skills:
 + Level 3.2 Fighting
 * Level 3.8 Axes
 - Level 3.2 Armour
 + Level 4.0 Shields


You had 3 spell levels left.
You didn't know any spells.
Your spell library was empty.

Dungeon Overview and Level Annotations

Branches:
Dungeon (3/15)

Altars:

Annotations:
D:3 Grinder


Innate Abilities, Weirdness & Mutations

You are resistant to damage.
You can heal yourself by infusing magical energy.
You passively map a small area around you.
You do not regenerate.


Message History

You slash Grinder!
Grinder is almost dead.
Grinder says, "Mostly I couldn't keep them alive."
Grinder hits you.
* * * LOW HITPOINT WARNING * * *
You writhe in agony.
* * * LOW HITPOINT WARNING * * *
You closely miss Grinder.
Grinder is almost dead.
Grinder gestures at you. You resist with some effort.
You barely miss Grinder.
Grinder is almost dead.
Grinder says, "FISH!"
Grinder gestures at you. You resist with some effort. Grinder gestures at you.
You suddenly lose the ability to move!
Grinder hits you.
You die...

,
.......,..#.#.####
,
.......♣...>..!#..
*
......♣_♣.........
,
.$.....♣..........
* ,
..................
......#...........
*
#.................
, *
#...........?.....
...##..@..........
, , #.#5.(........
, #....<........
** , ,
*#....##.........
* ....$ #.........
, ###.#,..........
,* #.*#.........>
, , * #.
##........., , ,
...#...#..


You could see Grinder.

Vanquished Creatures
  A gnoll (D:1)
  2 adders (D:2)
  2 worms (D:2)
  A leopard gecko (D:2)
  5 bats
  A giant cockroach (D:1)
  7 goblins
  7 hobgoblins
  4 jackals (D:1)
  7 kobolds
  A ball python (D:2)
  A frilled lizard (D:1)
  6 rats
45 creatures vanquished.

Vanquished Creatures (others)
  2 plants (D:2)
2 creatures vanquished.

Grand Total: 47 creatures vanquished

Notes
Turn   | Place    | Note
-------+----------+-------------------------------------------
     0 | D:1      | kae the Deep Dwarf Fighter began the quest for the Orb.
     0 | D:1      | Reached XP level 1. HP: 20/20 MP: 1/1
    67 | D:1      | You fall into a shaft and drop 1 floor!
    84 | D:2      | Reached XP level 2. HP: 24/27 MP: 2/2
   503 | D:2      | Reached XP level 3. HP: 24/34 MP: 3/3
  1150 | D:1      | Reached skill level 4 in Shields
  1150 | D:1      | Reached XP level 4. HP: 11/42 MP: 4/4
  1359 | D:3      | Noticed Grinder
  1465 | D:3      | Found a faded altar of an unknown god.
  1468 | D:3      | Paralysed by Grinder for 5 turns
  1482 | D:3      | Paralysed by Grinder for 6 turns
  1488 | D:3      | HP: 2/42 [Grinder (3)]
  1490 | D:3      | Paralysed by Grinder for 6 turns
  1491 | D:3      | Slain by Grinder

Illustrated notes

Levels and vault maps discovered:
D:1:      dpeg_arrival_yet_another_circle, layout_rooms, bh_walls_and_bars
D:2:      layout_loops_corners, serial_forest, infiniplex_forest_lined_3,
          infiniplex_forest_clump_large, infiniplex_forest_lined_room_2,
          infiniplex_forest_end_3, infiniplex_forest_end_2,
          infiniplex_forest_clump_cross, infiniplex_forest_clump_small
D:3:      layout_rooms, overflow_temple_1_default,
          chequers_ecumenical_altar_simple, uniq_grinder, uniq_terence

Skill      XL: |  1  2  3 |
---------------+----------+-----
Axes           | 3 |  3.8
Fighting       | 3 |  3.2
Shields        | 4 |  4.0
Armour         | |  3.2

Action                   |  1- 3 |  4- 6 || total
-------------------------+-------+-------++-------
Melee: War axe           |    89 |    19 ||   108
 Abil: Heal Wounds       |     1 |     1 ||     2
  Use: Potion            |       |     1 ||     1
Armor: Scale mail        |    45 |     8 ||    53
Dodge: Dodged            |    22 |     1 ||    23
Block: Kite shield       |    56 |     6 ||    62

Table legend: (Time is in decaauts)
 A = Elapsed time spent in this place.
 B = Non-inter-level travel time spent in this place.
 C = Inter-level travel time spent in this place.
 D = Time resting spent in this place.
 E = Time spent auto-exploring this place.
 F = Levels seen in this place.
 G = Mean time per level.
                   A        B        C        D        E       F      G
               +--------+--------+--------+--------+--------+-----+--------+
         Total |   1536 |   1483 |     53 |    113 |   1068 |   3 |  512.0 |
       Dungeon |   1536 |   1483 |     53 |    113 |   1068 |   3 |  512.0 |
               +--------+--------+--------+--------+--------+-----+--------+

Top non-repeatable levels by time:
     D:2: 914 daAuts
     D:1: 587 daAuts
     D:3: 33 daAuts
